Map: Blackburn LE

Players

Pumba - Winner!

  • Race: Zerg Zerg
  • League: Platinum
  • Spawn Location: 7:00

TopDeadCentr

  • Race: Terran Terran
  • League: Platinum
  • Spawn Location: 5:00

VOD

Have the link to the VOD?

Description

Time

  • Played on: Aug. 10, 2021, 6:25 p.m.
  • Length: 8:04
Show
View Real Time Build Order
Export as new Build Order

Pumba Zerg - Winner!

Build Orders: Pool First 

Get SALT Encoding   

  12  0:00  Drone  
  13  0:12  Overlord  
  13  0:17  Drone  
  14  0:30  Drone  
  14  0:31  Drone  
  16  0:41  Drone  
  17  0:44  Spawning Pool  
  17  0:50  Drone  
  17  1:11  Hatchery  
  17  1:13  Drone  
  17  1:16  Drone, Extractor  
  17  1:21  Drone  
  18  1:28  Drone  
  19  1:33  Queen  
  19  1:39  Zergling x2  
  22  1:53  Overlord  
  22  2:11  Queen  
  22  2:13  Drone x2  
  26  2:27  Drone  
  26  2:28  Metabolic Boost  
  26  2:29  Drone  
  28  2:43  Drone x2  
  28  2:44  Drone x3  
  33  2:51  Overlord  
  33  3:02  Overlord  
  33  3:04  Drone x2  
  35  3:10  Drone x2, Roach Warren  
  36  3:22  Drone x7  
  36  3:23  Overlord  
  43  3:38  Drone x2  
  45  3:46  Extractor  
  45  3:47  Lair, Hatchery, Extractor  
  45  3:48  Extractor  
  41  3:54  Drone x2  
  41  3:55  Drone  
  44  3:57  Drone  
  44  4:01  Drone x3  
  48  4:03  Drone  
  48  4:07  Overlord x2  
  48  4:31  Roach x5  
  58  4:37  Overlord x3  
  58  4:39  Roach  
  60  4:50  Glial Reconstitution  
  60  4:56  Overseer  
  60  5:04  Roach x8  
  60  5:05  Roach, Overlord x2  
  78  5:09  Queen  
  80  5:19  Overlord x3  
  80  5:25  Overseer  
  80  5:26  Overseer  
  80  5:35  Roach x5  
  90  5:37  Roach  
  92  5:50  Roach x5  
  102  6:01  Roach x3  
  108  6:11  Roach x5  
  118  6:12  Overlord  
  118  6:31  Roach x2  
  118  6:32  Roach x2, Overlord x2  
  114  7:02  Drone x6  
  98  7:32  Drone x12  
  110  7:37  Evolution Chamber  
  110  7:38  Drone, Evolution Chamber  
  110  7:40  Hydralisk Den  
  110  7:46  Extractor  
  110  7:47  Drone x3, Extractor  
Show
View Real Time Build Order
Export as new Build Order

TopDeadCentr Terran 

Build Orders: 2 Factory, Command Center First (CC) 

Get SALT Encoding   

  12  0:00  SCV  
  13  0:12  SCV  
  14  0:24  SCV  
  15  0:46  Supply Depot  
  15  0:53  Command Center  
  15  1:08  SCV  
  15  1:09  Barracks  
  16  1:20  SCV  
  17  1:32  SCV  
  18  1:35  Refinery  
  18  1:36  Refinery  
  18  1:44  SCV  
  18  1:47  Supply Depot  
  19  1:56  SCV, Marine  
  21  2:07  Orbital Command  
  22  2:08  SCV  
  22  2:17  Barracks Reactor  
  22  2:23  Orbital Command  
  22  2:34  SCV  
  23  2:49  Factory  
  23  2:51  SCV x2  
  25  2:56  Marine x2  
  27  3:03  SCV  
  27  3:04  SCV, Factory  
  29  3:13  Marine  
  29  3:14  Marine  
  31  3:26  Command Center  
  31  3:41  Widow Mine, Marine x2  
  34  3:45  Starport  
  35  3:51  Widow Mine  
  37  4:20  Widow Mine  
  37  4:22  Hellion x2  
  43  4:24  Barracks Tech Lab  
  43  4:42  Supply Depot  
  43  4:44  Hellion x2  
  47  4:54  Factory Reactor  
  47  5:15  Hellion x2  
  47  5:18  Orbital Command  
  47  5:20  Barracks Tech Lab  
  47  5:21  Bunker  
  51  5:24  Orbital Command  
  51  5:36  Hellion  
  51  5:37  Hellion  
  51  5:41  Liberator  
  51  5:42  Liberator  
  61  5:43  Infernal Pre-Igniter  
  61  5:56  SCV x3  
  64  5:58  Hellion x2  
  64  6:00  Marine  
  69  6:13  Engineering Bay  
  69  6:18  Refinery  
  69  6:21  Refinery  
  69  6:47  Supply Depot  
  69  6:49  Hellion, SCV x2  
  69  6:50  Supply Depot  
  69  6:51  Supply Depot  
  69  6:52  Liberator, SCV  
  69  6:53  Supply Depot  
  68  6:55  Hellion  
  68  6:56  Liberator  
  68  6:58  Siege Tank  
  67  7:01  SCV x2  
  67  7:04  SCV  
  43  7:30  Siege Tank  
Tags
 
Add a new tag
Caveats
  • Supply blocks, unpowered buildings, or Contaminate may cause inaccurate times.
  • Supply counts are checked every 10 seconds.